AoeStats
← Dr. Oranje

Arena

509432105Analyzed
4v4 RM · 5d ago on Sep 26, 2026· 48m 12s· 8 players
Game mode
Random Map
Map size
Large (8 player)
Population
200
Speed
Normal
Resources
Standard
Victory
Conquest
Starting age
Dark Age
Ending age
Imperial Age
RankedLock teamsTeams togetherTeam positionsShared explorationLock speedFull tech treeHidden civsTurbo modeCheats
Victory
Defeat
🇲🇽 Franks · Mexico
1296
+13
🇲🇽 Persians · Mexico
1286
+13
🇷🇺 Byzantines · Russia
1237
+15
🇹🇷 Romans · Türkiye
1185
+17
🇳🇱 Saxons · Netherlands
1362
-19
🇳🇱 Persians · Netherlands
1245
-16
🇳🇱 Danes · Netherlands
1240
-15
🇳🇱 Koreans · Netherlands
1043
-8
logibll777
11:46 Feudal Age
15:27 Castle Age
13:15 Double-Bit Axe
13:17 Horse Collar
14:48 Gold Mining
16:55 Scale Mail Armor
17:13 Forging
18:30 Wheelbarrow
18:45 Bow Saw
18:30 Loom
19:27 Town Watch
22:41 Ballistics
22:17 Gold Mining
23:26 Hand Cart
23:06 Stone Mining
24:45 Gold Shaft Mining
29:32 Imperial Age
27:01 Fletching
28:24 Iron Casting
29:58 Ballistas
30:36 Conscription
30:33 Pikeman
31:15 Squires
30:43 Heavy Scorpion
32:27 Chemistry
32:04 Chain Mail Armor
32:22 Capped Ram
33:55 Siege Engineers
33:54 Man-at-Arms
33:56 Halberdier
37:08 Comitatenses
37:10 Fortified Wall
37:11 Masonry
37:39 Long Swordsman
39:32 Heavy Plow
38:55 Siege Ram
40:58 Legionary
42:15 Architecture
HeO_3km
4:41 Loom
10:44 Feudal Age
15:12 Castle Age
14:15 Double-Bit Axe
14:11 Horse Collar
16:57 Bow Saw
19:51 Stone Mining
22:03 Fletching
26:58 Imperial Age
24:53 Scale Barding Armor
25:13 Bodkin Arrow
26:15 Gold Mining
27:32 Chain Barding Armor
28:13 Conscription
28:12 Treadmill Crane
31:07 Plate Barding Armor
30:44 Forging
31:11 Wheelbarrow
30:38 Pikeman
31:31 Scale Mail Armor
33:39 Iron Casting
33:23 Squires
34:17 Halberdier
36:21 Chemistry
35:42 Ballistics
41:27 Chain Mail Armor
41:14 Bracer
43:06 Padded Archer Armor
44:02 Hand Cart
43:46 Elite Skirmisher
Lancelot
9:41 Feudal Age
10:57 Loom
13:49 Castle Age
12:07 Double-Bit Axe
12:38 Horse Collar
14:29 Bow Saw
20:25 Wheelbarrow
22:20 Heavy Plow
22:53 Gold Mining
28:17 Imperial Age
26:18 Scale Barding Armor
26:36 Hand Cart
29:24 Chain Barding Armor
30:48 Bloodlines
31:15 Plate Barding Armor
32:09 Two-Man Saw
31:41 Crop Rotation
30:43 Cavalier
31:56 Forging
32:45 Husbandry
33:52 Iron Casting
33:29 Town Watch
34:43 Gold Shaft Mining
33:59 Stone Mining
36:01 Blast Furnace
36:50 Conscription
37:44 Stone Shaft Mining
37:28 Citadels
36:44 Savar
38:28 Murder Holes
38:25 Fletching
39:22 Bodkin Arrow
39:50 Ballistics
40:41 Town Patrol
40:43 Padded Archer Armor
40:18 Light Cavalry
41:20 Scale Mail Armor
42:29 Hoardings
41:47 Capped Ram
42:44 Leather Archer Armor
42:45 Chain Mail Armor
43:14 Siege Ram
43:27 Hussar
44:23 Heavy Camel Rider
HaloWeen
11:28 Feudal Age
15:11 Castle Age
13:19 Gold Mining
13:18 Double-Bit Axe
15:14 Stone Mining
16:49 Loom
26:25 Forging
27:48 Fletching
31:10 Imperial Age
29:38 Iron Casting
29:46 Scale Mail Armor
30:34 Wheelbarrow
30:30 Gold Mining
31:25 Chain Mail Armor
31:50 Squires
32:29 Conscription
31:36 Capped Ram
32:45 Bow Saw
33:26 Hand Cart
33:59 Conscription
34:43 Blast Furnace
35:46 Scale Barding Armor
35:11 Cavalier
35:52 Husbandry
37:00 Chain Barding Armor
37:41 Gold Shaft Mining
36:41 Paladin
39:26 Plate Barding Armor
40:34 Town Watch
41:28 Caravan
42:11 Chivalry
42:09 Light Cavalry
42:49 Ordonnance Companies
44:03 Capped Ram
45:19 Plate Mail Armor
44:11 Pikeman
44:37 Gambesons
44:37 Arson
45:38 Treadmill Crane
46:36 Elite Throwing Axeman
48:13 Ballistics
48:54 Chemistry
48:29 Coinage
Ir. Henk deJeager
10:56 Feudal Age
15:01 Castle Age
12:57 Double-Bit Axe
12:53 Horse Collar
16:18 Bow Saw
17:02 Heavy Plow
21:08 Wheelbarrow
20:20 Loom
22:28 Fletching
24:14 Stone Mining
24:14 Gold Mining
25:40 Bodkin Arrow
29:27 Imperial Age
27:29 Squires
27:31 Scale Mail Armor
28:30 Chain Mail Armor
28:26 Forging
29:15 Gambesons
30:06 Hand Cart
30:24 Elite Varangian Guard
31:36 Plate Mail Armor
31:41 Iron Casting
31:30 Arson
32:06 Shield Wall
36:21 Guard Tower
36:51 Ballistics
39:18 Keep
40:44 Conscription
41:05 Hoardings
Dr. Oranje
11:13 Feudal Age
12:30 Double-Bit Axe
13:06 Loom
18:51 Castle Age
18:43 Gold Mining
18:39 Horse Collar
21:02 Heavy Plow
21:01 Stone Mining
24:35 Fletching
26:27 Stone Shaft Mining
26:17 Gold Mining
26:44 Bow Saw
28:30 Wheelbarrow
29:57 Hand Cart
29:10 Pikeman
29:47 Gold Mining
31:03 Eupseong
32:22 Gold Shaft Mining
32:08 Squires
36:04 Imperial Age
35:27 Bodkin Arrow
35:58 Ballistics
38:12 Chemistry
36:59 Treadmill Crane
37:46 Elite War Wagon
41:00 Arrowslits
41:42 Halberdier
46:13 Fortified Wall
47:35 Scale Mail Armor
47:46 Forging
Piet Hoane
5:07 Loom
10:38 Feudal Age
14:54 Castle Age
13:21 Double-Bit Axe
16:12 Bow Saw
18:08 Wheelbarrow
20:00 Scale Mail Armor
20:32 Horse Collar
22:48 Squires
22:34 Arson
24:17 Chain Mail Armor
25:00 Forging
25:33 Heavy Plow
25:37 Gambesons
25:56 Hamask
28:42 Iron Casting
33:15 Imperial Age
31:46 Fletching
31:56 Padded Archer Armor
34:59 Thumb Ring
35:15 Bodkin Arrow
35:59 Ballistics
36:40 Chemistry
35:28 Cranequins
37:03 Conscription
37:58 Heavy Mounted Crossbowman
39:19 Pikeman
41:36 Leather Archer Armor
42:24 Bracer
Gerrit van Rivia
10:24 Feudal Age
14:09 Castle Age
12:23 Double-Bit Axe
15:06 Bow Saw
15:03 Horse Collar
22:14 Wheelbarrow
21:42 Heavy Plow
24:47 Hand Cart
26:21 Gold Mining
26:22 Stone Mining
27:39 Gold Shaft Mining
27:38 Town Watch
28:38 Bloodlines
28:33 Husbandry
28:41 Scale Barding Armor
28:47 Forging
31:38 Imperial Age
30:43 Chain Barding Armor
30:59 Iron Casting
31:14 Cavalier
32:33 Plate Barding Armor
33:40 Blast Furnace
33:19 Town Patrol
32:44 Savar
40:12 Heavy Camel Rider
41:03 Heavy Camel Rider
42:53 Conscription
Connection lost

Rejoining the realm…

Still unreachable

The connection could not be restored.

Session expired

The server has moved on; the page needs a fresh start.